 Dungeon Crawl Stone Soup version 0.31.0-12-g77e489cdc1 (webtiles) character file.

Game seed: 16626841325781286644

1150 spaghetti the Fighter (level 8, 0/94 HPs)
             Began as a Naga Ice Elementalist on Mar 3, 2024.
             Slain by a troll (5 damage)
             ... on level 5 of the Dungeon.
             The game lasted 00:04:45 (4653 turns).

spaghetti the Fighter (Naga Ice Elementalist)       Turns: 4653, Time: 00:04:46

Health: 0/94       AC:  5    Str: 11    XL:     8   Next: 38%
Magic:  16/20      EV: 15    Int: 17    God:
Gold:   28         SH:  0    Dex: 12    Spells: 7/11 levels left

rFire   + . .        h - +2 dagger (elec)
rCold   . . .        (no shield)
rNeg    . . .        u - +2 robe {Will+}
rPois   +            (helmet restricted)
rElec   .            (no cloak)
rCorr   .            (no gloves)
SInv    +            (no barding)
Will    ++...        x - amulet of magic regeneration
Stlth   ++           e - +5 ring of evasion
HPRegen 0.35/turn    l - ring of magical power
MPRegen 0.57/turn

%: no passive effects
@: freezing walls, very slow
A: AC +2, large, see invisible, deformed body, poison resistance, slowness 2,
spit poison 1, naga tail 1, horns 1, fire resistance 1, robust 1
a: Spit Poison


You were on level 5 of the Dungeon.
You visited 1 branch of the dungeon, and saw 5 of its levels.

You collected 163 gold pieces.
You spent 135 gold pieces at shops.

Inventory:

Hand Weapons
 h - a +2 dagger of electrocution (weapon)
Armour
 a - a +1 robe
 u - a +2 robe of willpower (worn)
Jewellery
 e - a +5 ring of evasion (left hand)
 l - a ring of magical power (right hand)
 o - an amulet of the acrobat
 s - a ring of protection from fire
 x - an amulet of magic regeneration (around neck)
Wands
 m - a wand of quicksilver (8)
Scrolls
 c - 2 scrolls of identify
 j - a scroll of blinking
 t - a scroll of teleportation
 w - a scroll of enchant armour
Potions
 b - a potion of magic
 d - a potion of brilliance
 f - a potion of cancellation
 g - 4 potions of curing
 i - a potion of might
 k - a potion of mutation
 p - a potion of attraction
 r - a potion of ambrosia


   Skills:
 + Level 9.6 Fighting
 - Level 1.5 Dodging
 - Level 3.0 Stealth
 - Level 2.0 Spellcasting
 - Level 4.0 Ice Magic


You had 7 spell levels left.
You knew the following spells:

 Your Spells              Type           Power      Damage    Failure   Level
a - Freeze                Ice            60%        1d7       3%          1
b - Frozen Ramparts       Ice            30%        1d5       11%         3

Your spell library contained the following spells:

 Spells                   Type           Power      Damage    Failure   Level
 Ozocubu's Armour         Ice            15%        N/A       11%         3
 Summon Ice Beast         Ice/Summ       8%         N/A       26%         3
 Volatile Blastmotes      Fire/Tloc      2%         2d10      50%         3
 Fulminant Prism          Conj/Alch      0%         3d5       88%         4
 Iskenderun's Mystic Bla  Conj/Tloc      1%         2d3       88%         4


Dungeon Overview and Level Annotations

Branches:
Dungeon (5/15)
 Temple: D:4-7

Altars:
Elyvilon
Fedhas
Hepliaklqana
Kikubaaqudgha
Makhleb
Nemelex Xobeh
Qazlal
Uskayaw
Vehumet
Wu Jian
Yredelemnul

Shops:
D:5 *

Annotations:
D:3 2 transporters, superradish's ghost, amateur OpSh


Innate Abilities, Weirdness & Mutations

Your serpentine skin is tough. (AC +2)
You have supernaturally acute eyesight. (SInv)
Armour fits poorly on your strangely shaped body.
Your system is resistant to poisons. (rPois)
You cover ground very slowly.
You can spit poison.
You have a snake-like lower body.
You have a pair of small horns on your head.
Your flesh is heat resistant. (rF+)
You are robust. (+10% HP)


Message History

There is an open door here.
You have got your breath back.
You close the door.
You start resting.
A troll opens the door.
A troll is nearby!
You close the door.
A troll breaks down the door.
Okay, then.
Okay, then.
Okay, then.
Casting: Freeze (safe; 3% risk of failure)
Confirm with . or Enter, or press ? or * to list all spells.
Casting: Frozen Ramparts (dangerous; 11% risk of failure)
Press: ? - help, Dir - look around, f - activate The walls around you are covered in ice.
The wall freezes the troll.
Unknown command.
Unknown command.
Casting: Frozen Ramparts (dangerous; 11% risk of failure)
Confirm with . or Enter, or press ? or * to list all spells.
Aiming: Freeze (safe; 3% risk of failure)
Press: ? - help, Shift-Dir - straight line, f - troll
Aim: a troll (lightly wounded)
You freeze the troll.
The troll is lightly wounded.
The wall freezes the troll but does no damage.
The troll misses you. The troll closely misses you. The troll claws you.
* * * LOW HITPOINT WARNING * * *
Unknown command.
Unknown command.
Casting: Freeze (safe; 3% risk of failure)
Confirm with . or Enter, or press ? or * to list all spells.
Aiming: Freeze (safe; 3% risk of failure)
Press: ? - help, Shift-Dir - straight line, f/p - troll
Aim: a troll (lightly wounded)
You freeze the troll.
The troll is lightly wounded.
The wall freezes the troll.
The troll closely misses you. x2
The troll claws you.
You die...

........### ........#.#
........#.# ........#.#
#.......#.#
#......>#.##########
#.......#..........#
#......@T.......T..#
#.......#.....##...#
#.......#.....##...#
#.......#..........#
#.......#............
#.......#......<.>....
#.......#.............#
#.......#'###########.#
#..................####


You could see a troll.

Vanquished Creatures
  Pikel (D:4)
  A water moccasin (D:5)
  An orc warrior (D:4)
  3 phantoms
  A lemure (D:4)
  A bombardier beetle (D:5)
  3 hounds (D:4)
  2 iguanas (D:4)
  3 adders
  A dart slug (D:2)
  2 ribbon worms
  5 orcs
  10 endoplasms
  4 giant cockroaches
  12 goblins
  4 hobgoblins (D:1)
  2 jackals (D:1)
  4 quokkas
  13 ball pythons
  5 bats
  6 kobolds
  7 rats
91 creatures vanquished.

Notes
Turn   | Place    | Note
-------+----------+-------------------------------------------
     0 | D:1      | spaghetti the Naga Ice Elementalist began the quest for the
                  | Orb.
     0 | D:1      | Reached XP level 1. HP: 15/15 MP: 3/3
   121 | D:1      | Reached skill level 1 in Fighting
   293 | D:1      | Reached XP level 2. HP: 25/25 MP: 5/5
   424 | D:1      | Reached skill level 2 in Fighting
   680 | D:1      | Reached XP level 3. HP: 33/33 MP: 6/6
   970 | D:1      | Learned a level 3 spell: Frozen Ramparts
  1161 | D:2      | Reached skill level 3 in Fighting
  1566 | D:2      | Reached XP level 4. HP: 41/42 MP: 7/7
  2227 | D:3      | Noticed superradish's ghost (amateur OpSh)
  2233 | D:3      | Found a transporter.
  2494 | D:3      | Noticed a phantom
  2500 | D:3      | Killed a phantom
  2501 | D:3      | Reached skill level 4 in Fighting
  2501 | D:3      | Reached XP level 5. HP: 38/51 MP: 8/8
  2631 | D:3      | Found a transporter.
  2785 | D:3      | Found a white marble altar of Elyvilon.
  2787 | D:3      | Found a hazy altar of Hepliaklqana.
  2791 | D:3      | Found a hide-covered altar of Uskayaw.
  2794 | D:3      | Found an ornate altar of the Wu Jian Council.
  2794 | D:3      | Found a stormy altar of Qazlal.
  2794 | D:3      | Found a blossoming altar of Fedhas.
  2794 | D:3      | Found a sparkling altar of Nemelex Xobeh.
  2796 | D:3      | Found a basalt altar of Yredelemnul.
  2797 | D:3      | Found a radiant altar of Vehumet.
  2798 | D:3      | Found a burning altar of Makhleb.
  2950 | D:4      | Noticed a phantom
  2976 | D:4      | Killed a phantom
  2977 | D:4      | Reached skill level 5 in Fighting
  2977 | D:4      | Reached XP level 6. HP: 31/61 MP: 9/9
  3034 | D:4      | Noticed an orc warrior
  3202 | D:4      | Reached skill level 6 in Fighting
  3216 | D:4      | Noticed Pikel
  3234 | D:4      | Gained mutation: Your flesh is heat resistant. (rF+)
                  | [potion of mutation]
  3234 | D:4      | Gained mutation: You have a pair of small horns on your
                  | head. [potion of mutation]
  3234 | D:4      | Gained mutation: You are robust. (+10% HP) [potion of
                  | mutation]
  3236 | D:4      | Killed Pikel
  3237 | D:4      | Reached skill level 8 in Fighting
  3237 | D:4      | Reached XP level 7. HP: 21/81 MP: 10/10
  3583 | D:4      | Reached XP level 8. HP: 38/90 MP: 11/11
  4022 | D:4      | Reached skill level 9 in Fighting
  4231 | D:5      | Entered Level 5 of the Dungeon
  4231 | D:5      | Found Laol's Assorted Antiques.
  4250 | D:5      | Bought a square blue amulet for 135 gold pieces
  4270 | D:5      | Found an ancient bone altar of Kikubaaqudgha.
  4626 | D:5      | Noticed a troll
  4635 | D:5      | HP: 4/94 [troll (10)]
  4653 | D:5      | Slain by a troll

Illustrated notes

Levels and vault maps discovered:
D:1:      dpeg_arrival_rhombi, layout_basic
D:2:      layout_basic
D:3:      layout_loops_corners, minitemple, gammafunk_ghost_stat_death
D:4:      layout_basic, uniq_pikel
D:5:      layout_gridville, nicolae_kikubaaqudgha_miasma_corner,
          minmay_temple_entry_fiery, serial_shops, nicolae_stop_n_shop_1,
          kennysheep_pointless_box

Skill      XL: |  1  2  3  4  5  6  7  8 |
---------------+-------------------------+-----
Fighting       | 1 2 3 4 5 8 9 |  9.6
Dodging        | |  1.5
Stealth        | |  3.0
Spellcasting   | |  2.0
Ice Magic      | |  4.0

Action                     |  1- 3 |  4- 6 |  7- 9 || total
---------------------------+-------+-------+-------++-------
  Melee: Dagger            |    87 |    89 |   103 ||   279
         Headbutt          |       |     1 |    26 ||    27
   Cast: Freeze            |       |       |     2 ||     2
         Frozen Ramparts   |       |       |     1 ||     1
Ability: Spit Poison       |     7 |     4 |     1 ||    12
    Use: Scroll            |     2 |     6 |     2 ||    10
         Potion            |       |     4 |     4 ||     8
   Stab: Sleeping          |    16 |     3 |     4 ||    23
 Armour: Robe              |    34 |    45 |    69 ||   148
  Dodge: Dodged            |    42 |    89 |    86 ||   217
